Match 21363176
Unlisted

Match 21363176
End
Panzergrenadier Squad
Panzergrenadier Squad
Kradschützen Motorcycle Team
Selects Battlefield Espionage Battlegroup
Panzergrenadier Squad
Construct Light Support Kompanie
Fire Support Elements
Flakvierling Half-track
Selects 250/3 Funkpanzerwagen
le.IG 18 Mechanized Group
Veteran Squad Leaders
2.5-tonne Medical Truck
Selects Sector Subterfuge Beacon
nocoffee
Fallschirmjager
んοиɡcんаそú
LOLwhat2
Jesulin
war
0
0

Comments sign in to comment!

No comments posted yet!